 Dungeon Crawl Stone Soup version 0.21.0-25-ge575cb9 (webtiles) character file.

108756 nikopol the Peltast (level 16, 0/103 HPs)
             Began as a Gargoyle Fighter on Jan 22, 2018.
             Was the Champion of Okawaru.
             Killed by Shatter
             ... invoked by Jorgrun
              (57 damage)
             ... on level 2 of the Swamp.
             The game lasted 02:29:13 (30811 turns).

nikopol the Peltast (Gargoyle Fighter)             Turns: 30811, Time: 02:29:13

Health: 0/103      AC: 47    Str: 25      XL:     16   Next: 50%
Magic:  15/16      EV: 15    Int: 12 (13) God:    Okawaru [******]
Gold:   1451       SH: 19    Dex: 13      Spells: 11/15 levels left

rFire    + . .     SeeInvis .   E - +3 flail (drain)
rCold    + . .     Gourm    .   A - +3 shield {reflect}
rNeg     + . .     Faith    .   w - +2 chain mail {rC+}
rPois    ∞         Spirit   .   n - +2 helmet {Int+3}
rElec    +         Reflect  +   s - +1 cloak {MR+}
rCorr    .         Harm     .   j - +2 pair of gloves {Dex+3}
MR       ++...                  I - +2 pair of boots
Stlth    +.........             i - amulet of regeneration
HPRegen  0.67/turn              O - ring of protection from fire
MPRegen  0.15/turn              M - +6 ring of protection

@: heroism
A: big wings, negative energy resistance 1, electricity resistance, unbreathing,
petrification resistance, rot immunity, AC +12
a: Fly, Heroism, Finesse, Renounce Religion


You were on level 2 of the Swamp.
You worshipped Okawaru.
Okawaru was exalted by your worship.
You were not hungry.

You visited 5 branches of the dungeon, and saw 26 of its levels.
You also visited: Labyrinth and Volcano.

You collected 2427 gold pieces.
You spent 976 gold pieces at shops.

Inventory:

Hand Weapons
 c - a +2 demon whip of electrocution
 g - a +4 flail of holy wrath
 E - a +3 flail of draining (weapon)
Missiles
 l - 37 tomahawks (quivered)
 y - 5 steel tomahawks
 D - 6 throwing nets
 T - 3 tomahawks of dispersal
Armour
 j - a +2 pair of gloves of dexterity (worn)
 n - a +2 helmet of intelligence (worn)
 q - a +0 hat of magic resistance
 s - a +1 cloak of magic resistance (worn)
 w - a +2 chain mail of cold resistance (worn)
 A - a +3 shield of reflection (worn)
 I - a +2 pair of boots (worn)
Jewellery
 i - an amulet of regeneration (around neck)
 t - an uncursed ring of protection from cold
 M - a +6 ring of protection (right hand)
 O - a ring of protection from fire (left hand)
 Y - an uncursed ring of positive energy
Wands
 x - a wand of random effects (44)
 z - a wand of enslavement (49)
 B - a wand of flame (26)
 C - a wand of polymorph (7)
 G - a wand of disintegration (26)
 L - a wand of digging (21)
 P - a wand of paralysis (37)
 R - a wand of scattershot (6)
 U - a wand of iceblast (16)
 W - a wand of acid (21)
Scrolls
 e - 6 scrolls of amnesia
 h - 6 scrolls of fear
 k - 4 scrolls of enchant weapon
 p - 4 scrolls of identify
 r - 4 scrolls of teleportation
 F - 7 scrolls of remove curse
 N - 2 scrolls of enchant armour
 Q - a scroll of summoning {unknown}
 S - 6 scrolls of magic mapping
Potions
 a - 4 potions of might
 d - 4 potions of agility
 m - 9 potions of heal wounds
 o - 2 potions of berserk rage
 u - 4 potions of haste
 v - 2 potions of invisibility
 H - 3 potions of curing
 J - 2 potions of resistance
 K - 2 potions of cancellation
 V - a potion of mutation
 X - a potion of brilliance
 Z - a potion of ambrosia
Comestibles
 b - 9 chunks of flesh
 f - 42 rations


   Skills:
 + Level 12.7(17.7) Fighting
 + Level 15.3(20.3) Maces & Flails
 + Level 7.8(12.8) Throwing
 + Level 11.0(16.0) Armour
 + Level 7.6(12.6) Dodging
 + Level 5.3(10.3) Stealth
 + Level 15.9(20.9) Shields
 + Level 0.8 Invocations


You had 11 spell levels left.
You knew the following spells:

 Your Spells              Type           Power        Failure   Level  Hunger
a - Corona                Hex            #......      77%         1    ##.....
b - Dazzling Spray        Conj/Hex       #.....       98%         3    ####...


Dungeon Overview and Level Annotations

Branches:
Dungeon (15/15)            Temple (1/1) D:7            Lair (6/6) D:10
  Swamp (2/4) Lair:3       Spider (0/4) Lair:3        Slime (0/5) Lair:5
    Orc (2/2) D:12            Elf (0/3) Orc:2        Vaults (0/5) D:13
 Depths (0/5) D:15

Altars:
Ashenzari
Cheibriados
Dithmenos
Elyvilon
Fedhas
Gozag
Hepliaklqana
Kikubaaqudgha
Makhleb
Nemelex Xobeh
Okawaru
Qazlal
Ru
Sif Muna
Trog
Uskayaw
Vehumet
Wu Jian
Xom
Yredelemnul
Zin
The Shining One
Beogh
Jiyva

Shops:
Orc:2 [(%*%

Annotations:
D:14 Snorg
Lair:3 exclusion: 4 oklob plants
Swamp:2 Jorgrun


Innate Abilities, Weirdness & Mutations

You are resistant to torment.
Your stone body is resilient. (AC +12)
You are immune to poison.
Your large and strong wings let you fly indefinitely.
You resist negative energy. (rN+)
You are resistant to electric shocks. (rElec)
You can survive without breathing.
You are immune to petrification.
You are immune to rotting.


Message History

You bludgeon the four-headed hydra!!
You kill the four-headed hydra!
Okawaru accepts your kill. Jorgrun misses you.
Your chain mail prevents you from hitting Jorgrun.
You completely miss Jorgrun.
Jorgrun points at you and mumbles some strange words.
You easily resist.
You bludgeon Jorgrun!! You drain Jorgrun!
Jorgrun is moderately wounded.
You block Jorgrun's attack.
You hit Jorgrun.
Jorgrun is moderately wounded.
You hit Jorgrun.
Jorgrun is heavily wounded.
Jorgrun casts a spell.
The dungeon rumbles around Jorgrun!
You shudder from the earth-shattering force.
Ouch! That really hurt!
You die...

...♣
♣♣...♣♣♣♣.≈≈≈≈≈....≈.≈
.≈≈ ♣♣♣. ...≈≈≈≈≈..♣♣≈..
.≈ .. ♣♣.≈≈≈.♣≈♣≈.≈≈
♣♣♣.≈≈.♣..≈.§§ §
♣♣♣..≈≈≈.≈.≈...≈ ≈≈.
♣♣≈...≈≈≈.♣♣≈≈≈≈♣
≈≈..♣♣♣♣≈.≈....≈.♣♣≈≈≈≈♣
≈≈≈≈...≈≈.≈≈≈≈≈≈..♣.≈≈≈≈
§≈≈≈≈≈.@..≈≈≈≈.≈≈≈....≈♣
.≈≈≈..g≈♣.≈≈≈≈..≈≈..♣♣♣♣
≈≈≈...♣≈♣≈.≈≈≈...≈.♣♣
≈≈.♣♣.♣≈≈♣.≈≈≈...≈≈.♣ ≈≈
♣ ♣♣.≈≈≈§..≈..≈≈♣♣ .
.≈≈≈≈....≈≈≈≈♣ ♣
.≈≈...≈≈..≈≈.♣♣≈
....≈≈♣≈..≈≈.≈≈≈
≈♣♣♣♣♣♣♣♣..≈≈≈


You could see Jorgrun.

Vanquished Creatures
  Saint Roka (Orc:2)
  Gastronok (Lair:3)
  Louise (Swamp:1)
  An orc warlord (Orc:1)
  The ghost of Mesmaeker13 the Grappler, a journeyman TrMo of Xom (Lair:5)
  A very ugly thing (Swamp:2)
  Nessos (Lair:5)
  A dire elephant (D:15)
  A minotaur (Lab)
  The ghost of Bazinga the Arsonist, a journeyman DEFE of Vehumet (D:13)
  A fire dragon (D:15)
  A yaktaur captain (D:10)
  Erolcha (D:10)
  6 hydras
  Harold (Lair:4)
  3 catoblepae (Lair:6)
  4 two-headed ogres
  2 centaur warriors
  6 alligators (Swamp:1)
  A deep troll shaman (Lair:6)
  2 ogre magi
  5 death yaks (Lair:6)
  Urug (Lair:5)
  An orc high priest (Orc:2)
  A skeletal warrior (D:10)
  The ghost of Frank the Carver, a novice OpFi (D:8)
  4 unseen horrors
  2 swamp dragons
  4 orange crystal statues (Orc:2)
  A lindwurm (Lair:6)
  3 orc knights (Orc:2)
  The ghost of Bazinga the Arsonist, a novice DEFE of Vehumet (D:9)
  5 orc sorcerers
  2 wolf spiders (D:15)
  3 manticores
  A salamander (D:15)
  An oklob plant (Lair:4)
  5 cyclopes
  An ugly thing (D:11)
  18 elephants
  2 centaur zombies
  A torpor snail (Lair:6)
  Joseph (D:8)
  2 molten gargoyles (Volcano)
  A smoke demon (Volcano)
  2 gargoyles
  11 spiny frogs
  2 rime drakes
  3 komodo dragons
  A freezing wraith (D:15)
  An efreet (D:13)
  A kobold demonologist (D:12)
  5 trolls
  3 tyrant leeches (Swamp:2)
  2 polar bears (Lair:6)
  A meliai (shapeshifter) (D:15)
  3 red devils (Volcano)
  A queen bee (Lair:3)
  2 hornets
  2 bog bodies (Swamp:1)
  14 hippogriffs
  18 blink frogs
  2 dream sheep (Lair:6)
  7 slime creatures
  4 redbacks
  A spriggan (Swamp:2)
  A wraith (D:14)
  34 yaks
  5 wyverns
  A vampire (D:10)
  Sigmund (D:5)
  A shadow (Swamp:2)
  Eustachio (D:4)
  6 basilisks
  3 hogs (D:7)
  3 hungry ghosts
  Grum (D:8)
  5 vampire mosquitoes
  A human (D:7)
  A golden eye (shapeshifter) (D:15)
  3 steam dragons
  A fire bat (Volcano)
  11 swamp worms
  5 wargs (Orc:2)
  2 acid dragons
  4 insubstantial wisps (Swamp:1)
  13 water moccasins
  A soldier ant (D:12)
  A hell hound (Volcano)
  3 eyes of draining
  39 orc warriors
  3 porcupines
  An ice beast (D:3)
  2 necrophages
  7 black bears
  5 sky beasts
  3 phantoms
  9 wolves
  4 boggarts (D:15)
  17 ogres
  16 centaurs
  18 crocodiles
  3 big kobolds (D:6)
  6 bullfrogs
  2 gnoll sergeants
  3 scorpions
  2 troll zombies (D:12)
  44 killer bees
  2 electric eels
  5 howler monkeys
  11 crimson imps
  A bullfrog zombie (D:9)
  12 hounds
  5 lava snakes (Volcano)
  4 bullfrog skeletons
  3 gnoll shamans (D:6)
  25 orc priests
  4 centaur skeletons
  4 jellies
  35 orc wizards
  4 iguanas
  3 worker ants
  6 ogre zombies (D:12)
  2 hound skeletons
  A howler monkey zombie (D:10)
  13 gnolls
  A river rat (Lair:3)
  18 adders
  5 shadow imps
  An ooze (D:6)
  4 worms
  4 dart slugs
  6 leopard geckos
  137 orcs
  6 giant cockroaches
  17 hobgoblins
  6 jackals
  13 kobolds
  5 quokkas
  3 ball pythons
  10 bats
  5 frilled lizards
  13 goblins
  A goblin skeleton (D:12)
  5 goblin zombies (D:12)
  A hobgoblin skeleton (D:12)
  8 hobgoblin zombies (D:12)
  A leopard gecko skeleton (D:6)
  4 orc skeletons (D:12)
  6 orc zombies (D:12)
  2 quokka skeletons
  A quokka zombie (D:5)
  8 rats
  A bush (Lair:4)
  A plant (Lair:6)
916 creatures vanquished.

Vanquished Creatures (others)
  A dream sheep (Lair:6)
  2 killer bees (Lair:3)
  8 fungi
  9 plants
20 creatures vanquished.

Grand Total: 936 creatures vanquished

Notes
Turn   | Place    | Note
-------+----------+-------------------------------------------
     0 | D:1      | nikopol the Gargoyle Fighter began the quest for the Orb.
     0 | D:1      | Reached XP level 1. HP: 14/14 MP: 1/1
    72 | D:1      | Reached XP level 2. HP: 19/19 MP: 2/2
   403 | D:1      | Reached XP level 3. HP: 24/24 MP: 3/3
   857 | D:2      | Found an opulent altar of Gozag.
  1126 | D:2      | Reached XP level 4. HP: 24/29 MP: 4/4
  1482 | D:2      | Found a glowing silver altar of Zin.
  1604 | D:2      | Found a faded altar of an unknown god.
  1616 | D:2      | Reached XP level 5. HP: 32/33 MP: 5/5
  1679 | D:2      | Found a deep blue altar of Sif Muna.
  2020 | D:3      | Noticed an ice beast
  2027 | D:3      | Killed an ice beast
  2027 | D:3      | Reached XP level 6. HP: 38/38 MP: 6/6
  2348 | D:3      | Found a burning altar of Makhleb.
  2348 | D:3      | Found a shimmering altar of Xom.
  2368 | D:3      | Reached skill level 1 in Dodging
  2478 | D:3      | Reached skill level 1 in Throwing
  2550 | D:4      | Found a hide-covered altar of Uskayaw.
  2713 | D:4      | Noticed Eustachio
  2766 | D:4      | Killed Eustachio
  2766 | D:4      | Reached skill level 5 in Maces & Flails
  2766 | D:4      | Reached skill level 5 in Shields
  2766 | D:4      | Reached XP level 7. HP: 27/44 MP: 7/7
  3493 | D:5      | Entered Level 5 of the Dungeon
  3785 | D:5      | Noticed Sigmund
  3812 | D:5      | Killed Sigmund
  3812 | D:5      | Reached skill level 5 in Fighting
  3812 | D:5      | Reached XP level 8. HP: 29/49 MP: 8/8
  4240 | D:5      | Reached skill level 5 in Armour
  5057 | D:6      | Found a blossoming altar of Fedhas.
  5109 | D:6      | Found a hazy altar of Hepliaklqana.
  5187 | D:6      | Noticed a yak
  5187 | D:6      | Noticed a yak
  5196 | D:6      | Noticed a yak
  5197 | D:6      | Noticed a yak
  5213 | D:6      | Killed a yak
  5228 | D:6      | Killed a yak
  5228 | D:6      | Reached XP level 9. HP: 10/54 MP: 9/9
  6211 | D:6      | Found a stormy altar of Qazlal.
  6855 | D:7      | Found a staircase to the Ecumenical Temple.
  6922 | D:7      | Reached XP level 10. HP: 54/61 MP: 10/10
  6950 | D:7      | Got a fine war axe
  6951 | D:7      | Identified the +5 war axe "Feler" {freeze, +Blink rF- Str-3 SInv} (You found it on level 7 of the Dungeon)
  7040 | D:7      | Reached skill level 1 in Stealth
  7462 | D:8      | Noticed Frank's ghost (novice OpFi)
  7481 | D:8      | Killed Frank's ghost
  7569 | D:8      | Noticed Grum
  7610 | D:8      | Killed Grum
  7898 | D:8      | Noticed Joseph
  7910 | D:8      | Killed Joseph
  8044 | D:8      | Noticed a two-headed ogre
  8050 | D:8      | Killed a two-headed ogre
  8050 | D:8      | Reached skill level 10 in Maces & Flails
  8642 | D:9      | Reached XP level 11. HP: 63/67 MP: 11/11
  8673 | D:9      | Found a shattered altar of Ashenzari.
  8741 | D:9      | Noticed Bazinga's ghost (novice DEFE)
  8791 | D:9      | Killed Bazinga's ghost
  9488 | D:9      | Noticed Erolcha
  9814 | D:10     | Entered Level 10 of the Dungeon
  9918 | D:10     | Noticed a four-headed hydra
  9981 | D:10     | Noticed a skeletal warrior
  9986 | D:10     | Killed a four-headed hydra
  9996 | D:10     | Found a large runed door.
 10020 | D:10     | Killed a skeletal warrior
 10023 | D:10     | Found a large runed door.
 10315 | D:10     | Learned a level 1 spell: Corona
 10406 | D:10     | Noticed a two-headed ogre
 10419 | D:10     | Killed a two-headed ogre
 10827 | D:10     | Found a staircase to the Lair.
 10913 | D:10     | Reached skill level 5 in Throwing
 10979 | D:10     | Killed Erolcha
 10979 | D:10     | Reached XP level 12. HP: 74/74 MP: 12/12
 11228 | D:10     | Noticed a yaktaur captain
 11231 | D:10     | Found a glowing silver altar of Zin.
 11241 | D:10     | Killed a yaktaur captain
 11288 | D:10     | Found a shattered altar of Ashenzari.
 11408 | Temple   | Entered the Ecumenical Temple
 11425 | Temple   | Became a worshipper of Warmaster Okawaru
 11828 | D:11     | Reached skill level 10 in Shields
 11892 | D:11     | Reached * piety under Okawaru
 12129 | D:11     | Reached ** piety under Okawaru
 12755 | D:12     | Reached skill level 5 in Dodging
 12909 | D:12     | Reached *** piety under Okawaru
 13022 | D:12     | Found a staircase to the Orcish Mines.
 13170 | D:12     | Reached XP level 13. HP: 62/80 MP: 13/13
 13501 | Lair:1   | Entered Level 1 of the Lair of Beasts
 13590 | Lair:1   | Reached **** piety under Okawaru
 14313 | Lair:2   | Received a gift from Okawaru
 14425 | Lair:2   | Received a gift from Okawaru
 14716 | Lair:2   | Found an ornate altar of the Wu Jian Council.
 15178 | Lair:3   | Found a hole to the Spider Nest.
 15206 | Lair:3   | Noticed Gastronok
 15224 | Lair:3   | Killed Gastronok
 15257 | Lair:3   | Reached ***** piety under Okawaru
 15509 | Lair:3   | Received a gift from Okawaru
 15544 | Lair:3   | Reached skill level 10 in Fighting
 15932 | Lair:3   | Found a staircase to the Swamp.
 16463 | Lair:4   | Found a labyrinth entrance.
 16475 | Lab      | Entered a labyrinth
 16770 | Lab      | Noticed a minotaur
 16780 | Lab      | HP: 3/82 [minotaur/the +8 Wrath of Trog {antimagic, *Rage} (33)]
 16786 | Lab      | HP: 5/123 [minotaur/the +8 Wrath of Trog {antimagic, *Rage} (2)]
 16788 | Lab      | Killed a minotaur
 16788 | Lab      | Gained mutation: Your large and strong wings let you fly indefinitely. [Gargoyle growth]
 16788 | Lab      | Reached XP level 14. HP: 6/88 MP: 0/14
 16914 | Lab      | Found the +4 robe of Augmentation {Str+4 Int+4 Dex+4}
 16915 | Lab      | Got a crude mace
 16925 | Lab      | Identified the +0 mace of Piugoadi {chaos, Str+2 Int-2 Dex+4} (You found it in a labyrinth)
 17242 | Lair:4   | Noticed Harold
 17261 | Lair:4   | Killed Harold
 18085 | Lair:5   | Noticed Urug
 18098 | Lair:5   | Killed Urug
 18106 | Lair:5   | Noticed Nessos
 18139 | Lair:5   | Killed Nessos
 18187 | Lair:5   | Noticed Mesmaeker13's ghost (journeyman TrMo)
 18209 | Lair:5   | Killed Mesmaeker13's ghost
 18258 | Lair:5   | Found a staircase to the Slime Pits.
 18258 | Lair:5   | Found a viscous altar of Jiyva.
 18548 | Lair:5   | Received a gift from Okawaru
 18876 | Lair:6   | Entered Level 6 of the Lair of Beasts
 18901 | Lair:6   | Found a dark tunnel.
 18947 | Volcano  | Entered a volcano
 19057 | Volcano  | Found a burning altar of Makhleb.
 19288 | Volcano  | Received a gift from Okawaru
 19706 | Lair:6   | Reached ****** piety under Okawaru
 19837 | Lair:6   | Received a gift from Okawaru
 20183 | Lair:6   | Received a gift from Okawaru
 20348 | Lair:6   | Reached skill level 5 in Stealth
 20356 | Lair:6   | Reached XP level 15. HP: 95/95 MP: 15/15
 20990 | Orc:1    | Entered Level 1 of the Orcish Mines
 21231 | Orc:1    | Learned a level 3 spell: Dazzling Spray
 21641 | Orc:2    | Entered Level 2 of the Orcish Mines
 21809 | Orc:2    | Received a gift from Okawaru
 21984 | Orc:2    | Found a roughly hewn altar of Beogh.
 22049 | Orc:2    | Noticed an orc warlord
 22101 | Orc:1    | Killed an orc warlord
 22211 | Orc:2    | Found a roughly hewn altar of Beogh.
 22239 | Orc:2    | Found Qerora Wuyky's Food Emporium.
 22290 | Orc:2    | Found a staircase to the Elven Halls.
 22883 | Orc:2    | Noticed Saint Roka
 23155 | Orc:2    | Found a roughly hewn altar of Beogh.
 23294 | Orc:2    | Found Okuxzy's Food Shop.
 23296 | Orc:2    | Found Nutteib's Assorted Antiques.
 23365 | Orc:2    | Found a roughly hewn altar of Beogh.
 23535 | Orc:2    | Found a runed door.
 23567 | Orc:2    | Found the +10 large shield of Ignorance {rN+ Int-4}
 23573 | Orc:2    | Found a runed door.
 23611 | Orc:2    | Found a roughly hewn altar of Beogh.
 23823 | Orc:2    | Killed Saint Roka
 23944 | Orc:2    | Found Sixkelo's Antique Armour Shop.
 23952 | Orc:2    | Found a roughly hewn altar of Beogh.
 23961 | Orc:2    | Found Igequll's Antique Weapon Boutique.
 24006 | Orc:2    | Bought a shiny shield for 240 gold pieces
 24027 | Orc:2    | Bought a glowing helmet for 240 gold pieces
 24056 | Orc:2    | Bought a pair of runed gloves for 240 gold pieces
 24088 | Orc:2    | Bought an embroidered scarf for 256 gold pieces
 24138 | Orc:2    | Found a roughly hewn altar of Beogh.
 24849 | Orc:2    | Noticed an orc warlord
 25001 | Orc:2    | Noticed an orc warlord
 25301 | Orc:2    | Lost intelligence.
 25626 | Orc:1    | Lost intelligence.
 26684 | D:13     | Reached skill level 10 in Armour
 26917 | D:13     | Received a gift from Okawaru
 27004 | D:13     | Found a gate to the Vaults.
 27114 | D:13     | Noticed Bazinga's ghost (journeyman DEFE)
 27178 | D:13     | Killed Bazinga's ghost
 27805 | D:14     | Noticed Snorg
 27922 | D:14     | Found a stormy altar of Qazlal.
 28053 | D:14     | Found a bloodstained altar of Trog.
 28060 | D:14     | Reached skill level 15 in Maces & Flails
 28097 | D:14     | Reached skill level 15 in Shields
 28296 | D:15     | Entered Level 15 of the Dungeon
 28360 | D:15     | Found a staircase to the Depths.
 28406 | D:15     | Reached XP level 16. HP: 101/101 MP: 16/16
 28456 | D:15     | Found a shimmering altar of Xom.
 29669 | Swamp:1  | Entered Level 1 of the Swamp
 29809 | Swamp:1  | Noticed Louise
 29832 | Swamp:1  | Killed Louise
 29979 | Swamp:1  | Found the +9 scales of the Dragon King {rPois rF+ rC+ MR+}
 30030 | Swamp:1  | Received a gift from Okawaru
 30630 | Swamp:2  | Received a gift from Okawaru
 30795 | Swamp:2  | Noticed Jorgrun
 30811 | Swamp:2  | Killed from afar by Jorgrun

Skill      XL: |  1  2  3  4  5  6  7  8  9 10 11 12 13 14 15 16 |
---------------+-------------------------------------------------+-----
Fighting       | 4 5 6 7 8 9 10 11 12 | 12.7
Maces & Flails | 3 5 6 7 8 10 11 12 13 14 15 | 15.3
Shields        | 4 5 6 8 9 11 12 13 15 | 15.9
Dodging        | 1 2 3 4 5 6 7 |  7.6
Throwing       | 1 3 5 6 7 |  7.8
Armour         | 4 5 6 7 8 9 10 11 | 11.0
Stealth        | 1 2 3 5 |  5.3
Invocations    | |  0.8

Action                   |  1- 3 |  4- 6 |  7- 9 | 10-12 | 13-15 | 16-18 || total
-------------------------+-------+-------+-------+-------+-------+-------++-------
Melee: Flail             |   158 |   262 |   324 |   939 |  2452 |   486 ||  4621
       Whip              |       |       |   259 |   151 |       |       ||   410
Throw: Tomahawk          |       |    13 |    58 |   117 |   150 |     4 ||   342
       Throwing net      |       |       |       |       |     2 |       ||     2
Invok: Heroism           |       |       |       |       |     4 |     1 ||     5
       Finesse           |       |       |       |       |     1 |       ||     1
Evoke: Wand              |       |       |       |       |     1 |       ||     1
  Use: Scroll            |       |       |       |    13 |    20 |     3 ||    36
       Potion            |       |       |       |     1 |     6 |       ||     7
 Stab: Petrified         |       |       |       |       |    12 |       ||    12
       Petrifying        |       |       |       |       |     4 |       ||     4
       Distracted        |       |       |       |       |     2 |       ||     2
  Eat: Chunk             |     1 |     6 |    14 |    23 |    38 |    10 ||    92
       Ration            |       |       |       |       |     5 |       ||     5
Armor: Scale mail        |    96 |   192 |   237 |   442 |   491 |       ||  1458
       Ring mail         |       |       |       |    12 |       |       ||    12
       Skin              |       |       |       |     3 |     1 |       ||     4
       Chain mail        |       |       |       |       |   488 |   241 ||   729
Dodge: Dodged            |    54 |   124 |   144 |   389 |   836 |   163 ||  1710
       Deflected         |       |       |       |       |     8 |       ||     8
Block: Shield            |    70 |   203 |   230 |   669 |  1561 |   353 ||  3086
       Reflection        |       |       |       |       |    12 |    13 ||    25
